 Dungeon Crawl Stone Soup version 0.30.0-3-ga4e48a9924 (webtiles) character file.

Game seed: 7880691392323476445

778 Irreverend the Insei (level 7, -3/61 HPs)
             Began as a Purple Draconian Transmuter on May 7, 2023.
             Slain by a killer bee (7 damage)
             ... on level 5 of the Dungeon.
             The game lasted 00:12:18 (4438 turns).

Irreverend the Insei (Purple Draconian Transmuter)  Turns: 4438, Time: 00:12:18

Health: -3/61      AC:  6    Str: 12    XL:     7   Next: 54%
Magic:  8/12       EV: 12    Int: 15    God:
Gold:   266        SH:  0    Dex: 12    Spells: 6/12 levels left

rFire   . .          .
                       - Unarmed
rCold   . . .        f - orb {light}
rNeg    . . .        (body armour unavailable)
rPois   .            (helmet currently unavailable)
rElec   .            (no cloak)
rCorr   .            (no gloves)
SInv    .            (boots currently unavailable)
Will    +....        (no amulet)
Stlth   +            (no ring)
HPRegen 0.30/turn    (no ring)
MPRegen 0.13/turn

%: no passive effects
@: lethally poisoned (-3 -> -15), appendages, wereblooded, glowing
A: horns 2, talons 2, breathe power, AC +6, unfitting armour, cold-blooded
a: Breathe Dispelling Energy, End Transformation


You were on level 5 of the Dungeon.
You had temporarily grown beastly horns and talons.
You visited 1 branch of the dungeon, and saw 5 of its levels.

You collected 266 gold pieces.

Inventory:

Armour
 f - an orb of light (worn)
Wands
 p - a wand of charming (2)
 s - a wand of flame (7)
Scrolls
 b - 4 scrolls of teleportation {unknown}
 c - 3 scrolls of identify {unknown}
 e - a scroll of noise {unknown}
 j - a scroll of immolation {unknown}
 k - 2 scrolls of fear {unknown}
 l - a scroll of fog {unknown}
 m - a scroll of vulnerability {unknown}
 q - a scroll of brand weapon {unknown}
 r - a scroll of magic mapping {unknown}
 t - a scroll of enchant armour {unknown}
 u - a scroll of summoning {unknown}
 v - a scroll of enchant weapon {unknown}
Potions
 a - 2 potions of lignification
 d - a potion of haste {unknown}
 g - 6 potions of curing {unknown}
 h - a potion of brilliance {unknown}
 i - 2 potions of heal wounds {unknown}
 n - 2 potions of invisibility {unknown}
 o - 2 potions of degeneration {unknown}


   Skills:
 + Level 5.1 Fighting
 - Level 1.7 Dodging
 + Level 5.5 Unarmed Combat
 - Level 3.4 Spellcasting
 + Level 5.0 Transmutations


You had 6 spell levels left.
You knew the following spells:

 Your Spells              Type           Power      Damage    Failure   Level
a - Beastly Appendage     Tmut           34%        N/A       2%          1
b - Wereblood             Tmut           17%        N/A       3%          2
c - Spider Form           Tmut/Pois      10%        N/A       21%         3

Your spell library contained the following spells:

 Spells                   Type           Power      Damage    Failure   Level
 Kiss of Death            Conj/Necr      8%         2d6       19%         1
 Scorch                   Fire           4%         2d5       28%         2
 Confusing Touch          Hex            2%         N/A       50%         3
 Stone Arrow              Conj/Erth      4%         3d7       50%         3
 Ice Form                 Ice/Tmut       10%        N/A       56%         4
 Cause Fear               Hex            1%         N/A       88%         4
 Dispel Undead            Necr           2%         3d7       88%         4
 Flame Wave               Conj/Fire      2%         2d4       88%         4
 Passage of Golubria      Tloc           2%         N/A       88%         4
 Silence                  Hex/Air        1%         N/A       99%         5
 Summon Cactus Giant      Summ           1%         N/A       100%        6
 Dragon Form              Tmut           8%         N/A       100%        7
 Lehudib's Crystal Spear  Conj/Erth      1%         10d2      100%        8
 Dragon's Call            Summ           1%         N/A       100%        9
 Animate Armour           Summ/Erth      Unusable   N/A       N/A         4

Dungeon Overview and Level Annotations

Branches:
Dungeon (5/15)
 Temple: D:4-7

Altars:

Shops:
D:4 ((


Innate Abilities, Weirdness & Mutations

You have temporarily grown beastly horns and talons.
You can breathe bolts of dispelling energy.
Your rich purple scales are hard. (AC +6)
You cannot fit into any form of body armour.
You are cold-blooded and may be slowed by cold attacks.


Message History

The killer bee misses you.
You barely miss the killer bee.
You claw the killer bee, but do no damage.
Your tail-slap misses the killer bee.
The killer bee is severely wounded.
You feel sick.
The killer bee stings you but does no damage.
The killer bee misses you.
The killer bee stings you but does no damage.
The killer bee closely misses you.
The killer bee stings you but does no damage.
The killer bee stings you!
You hit the killer bee.
You claw the killer bee, but do no damage.
You tail-slap the killer bee, but do no damage.
The killer bee is severely wounded.
You feel sick.
The killer bee stings you but does no damage. x2
The killer bee stings you.
You hit the killer bee.
The killer bee is almost dead.
You feel sick. The killer bee stings you.
* * * LOW HITPOINT WARNING * * *
The killer bee stings you.
* * * LOW HITPOINT WARNING * * *
The killer bee stings you.
* * * LOW HITPOINT WARNING * * *
The killer bee misses you. The killer bee stings you.
* * * LOW HITPOINT WARNING * * *
You are more poisoned.
The killer bee poisons you!
The killer bee stings you but does no damage.
You hit the killer bee but do no damage.
Your kick misses the killer bee. You headbutt the killer bee.
You feel a bit better.
You kill the killer bee!
* * * LOW HITPOINT WARNING * * *
You feel very sick. The killer bee barely misses you.
The killer bee stings you!
You die...

############# #...........#
. ####...........# ..
...............# ...
........####...# ....
........# #...# .....
........# ##...#......
........# #...@†......
........###...yy(.....
.........##..........#
.........##..........#
......................
.........##...............
.######...................#
..............#...........
...###........#.##........


You could see 2 killer bees.

Vanquished Creatures
  Grinder (D:3)
  The ghost of cheesebisquit the Chopper, an amateur HOMo of Makhleb (D:3)
  A scorpion (D:5)
  A killer bee (D:5)
  A jelly (D:4)
  An orc priest (D:5)
  Ijyb (D:4)
  An iguana (D:5)
  2 orc wizards (D:5)
  8 gnolls
  8 adders
  A shadow imp (D:4)
  A white imp (D:4)
  2 ufetubi
  2 worms (D:2)
  5 dart slugs
  An orc (D:5)
  7 ball pythons
  10 endoplasms
  4 giant cockroaches
  7 goblins
  10 hobgoblins
  5 jackals
  5 kobolds
  5 quokkas
  5 bats
  4 frilled lizards (D:1)
  9 rats
109 creatures vanquished.

Vanquished Creatures (others)
  A plant (D:3)
1 creature vanquished.

Grand Total: 110 creatures vanquished

Notes
Turn   | Place    | Note
-------+----------+-------------------------------------------
     0 | D:1      | Irreverend the Draconian Transmuter began the quest for the
                  | Orb.
     0 | D:1      | Reached XP level 1. HP: 16/16 MP: 3/3
    88 | D:1      | Reached XP level 2. HP: 23/23 MP: 3/5
   221 | D:1      | Reached XP level 3. HP: 25/29 MP: 4/6
   253 | D:1      | Learned a level 2 spell: Wereblood
  1027 | D:2      | Reached XP level 4. HP: 18/36 MP: 3/7
  1404 | D:2      | Reached XP level 5. HP: 37/44 MP: 9/9
  1865 | D:3      | Noticed Grinder
  1872 | D:3      | Paralysed by Grinder for 4 turns
  1877 | D:3      | HP: 1/44 [Grinder (4)]
  1902 | D:3      | Killed Grinder
  1903 | D:3      | Reached XP level 6. HP: 10/52 MP: 7/10
  2209 | D:3      | Identified the +5 ring mail of Ynucaesm {rN+ Int+4}
  2587 | D:3      | Found a runed translucent gate.
  2587 | D:3      | Found a runed translucent gate.
  2587 | D:3      | Found a runed translucent gate.
  2591 | D:3      | Noticed cheesebisquit's ghost (amateur HOMo)
  2664 | D:3      | Killed cheesebisquit's ghost
  2960 | D:4      | Found Soguim Bupt's Antique Weapon Shop.
  2976 | D:4      | Noticed Ijyb
  2999 | D:4      | Killed Ijyb
  3000 | D:4      | Reached skill level 5 in Unarmed Combat
  3146 | D:4      | Your scales start taking on a rich purple colour.
  3146 | D:4      | Reached XP level 7. HP: 60/60 MP: 8/12
  3175 | D:4      | Found Pumparghu's Weapon Emporium.
  3494 | D:4      | Learned a level 3 spell: Spider Form
  3698 | D:5      | Entered Level 5 of the Dungeon
  3833 | D:5      | Reached skill level 5 in Fighting
  3836 | D:5      | HP: 2/61 [orc priest/+0 flail (7)]
  3845 | D:5      | Reached skill level 5 in Transmutations
  4438 | D:5      | Slain by a killer bee

Illustrated notes

Levels and vault maps discovered:
D:1:      wander_arrival_peaceful_grave, layout_loops_ring
D:2:      layout_loops_cross
D:3:      cheibrodos_old_hovel, layout_basic, ebering_ghost_rock_garden,
          uniq_grinder
D:4:      layout_rooms, serial_shops, shop,
          nicolae_shop_temple_entry_statues_fountains, uniq_ijyb
D:5:      layout_basic, kennysheep_mini

Skill      XL: |  1  2  3  4  5  6  7 |
---------------+----------------------+-----
Fighting       | 2 3 4 5 |  5.1
Transmutations | 3 4 5 |  5.0
Unarmed Combat | 4 5 |  5.5
Spellcasting   | 3 |  3.4
Dodging        | |  1.7

Action                     |  1- 3 |  4- 6 |  7- 9 || total
---------------------------+-------+-------+-------++-------
  Melee: Unarmed           |   110 |   119 |    73 ||   302
         Headbutt          |    12 |    14 |     6 ||    32
         Kick              |    11 |    33 |    15 ||    59
         Tailslap          |     3 |    21 |     9 ||    33
   Cast: Beastly Appendage |    10 |    20 |     5 ||    35
         Wereblood         |     7 |    13 |     7 ||    27
         Spider Form       |       |       |     4 ||     4
 Armour: Skin              |    33 |    34 |    26 ||    93
  Dodge: Dodged            |    69 |    73 |    46 ||   188
